 Dungeon Crawl Stone Soup version 0.30.1-11-g7821555f0a (webtiles) character file.

Game seed: 13332023893346079750

30786 Peloso the Fencer (level 13, -2/119 HPs)
             Began as a Minotaur Fighter on Nov 8, 2023.
             Was an Elder of Okawaru.
             Slain by an ettin
             ... wielding a +0 great mace
              (20 damage)
             ... on level 2 of the Orcish Mines.
             The game lasted 00:30:45 (18644 turns).

Peloso the Fencer (Minotaur Fighter)               Turns: 18644, Time: 00:30:45

Health: -2/119     AC: 16    Str: 21    XL:     13   Next: 22%
Magic:  13/13      EV:  9    Int:  5    God:    Okawaru [****..]
Gold:   2024       SH:  7    Dex: 15    Spells: 12/12 levels left

rFire   + + .        a - +2 long sword
rCold   + + .        d - +0 buckler
rNeg    + . .        G - +0 plate armour
rPois   +            A - -2 hat of the Alchemist {rElec rPois rF+ rC+ rN+ Will+ rMut rCorr}
rElec   +            y - scarf {rC+ rF+}
rCorr   +            F - +0 pair of gloves
SInv    .            (no boots)
Will    ++...        (no amulet) Stlth
                     j - +4 ring of slaying
HPRegen 0.39/turn    Q - ring of willpower
MPRegen 0.13/turn

%: resist mutation
@: hasted, studying Short Blades, very quick
A: horns 2, retaliatory headbutt
a: Renounce Religion, Heroism, Finesse


You were on level 2 of the Orcish Mines.
You worshipped Okawaru.
Okawaru was greatly pleased with you.
You visited 4 branches of the dungeon, and saw 18 of its levels.
You also visited: Gauntlet.

You collected 2024 gold pieces.

Inventory:

Hand Weapons
 a - a +2 long sword (weapon)
 S - the +4 great mace "Getaus" {pain, Int+3}
   (You took it off a minotaur in a Gauntlet)

   Int:       It affects your intelligence (+3).
Missiles
 v - 6 throwing nets (quivered)
Armour
 b - a +0 scale mail
 c - a +0 chain mail
 d - a +0 buckler (worn)
 y - a scarf of resistance (worn)
 A - the -2 hat of the Alchemist (worn) {rElec rPois rF+ rC+ rN+ Will+ rMut rCorr}
   (You acquired it in a Gauntlet)

   rF:        It protects you from fire.
   rC:        It protects you from cold.
   rElec:     It insulates you from electricity.
   rPois:     It protects you from poison.
   rN:        It protects you from negative energy.
   rCorr:     It protects you from acid and corrosion.
   rMut:      It protects you from mutation.
   Will:      It increases your willpower.
 F - a +0 pair of gloves (worn)
 G - a +0 plate armour (worn)
Jewellery
 f - a ring of magical power
 j - a +4 ring of slaying (left hand)
 t - a ring of magical power
 z - a ring of wizardry
 J - an amulet of magic regeneration
 Q - a ring of willpower (right hand)
 R - a ring of poison resistance
Wands
 e - a wand of paralysis (20)
 n - a wand of light (6)
 o - a wand of polymorph (9)
 p - a wand of flame (42)
 q - a wand of iceblast (9)
 D - a wand of digging (17)
 L - a wand of mindburst (7)
Scrolls
 g - 3 scrolls of poison
 h - 3 scrolls of amnesia
 r - 3 scrolls of immolation
 s - a scroll of acquirement
 w - 2 scrolls of teleportation
 C - 3 scrolls of enchant weapon
 E - a scroll of fear
 H - 3 scrolls of fog
 I - a scroll of brand weapon
 N - a scroll of magic mapping
 P - a scroll of summoning {unknown}
Potions
 i - a potion of resistance
 k - 6 potions of brilliance
 l - 3 potions of haste
 m - 3 potions of lignification
 u - 4 potions of might
 x - 7 potions of curing
 B - 5 potions of flight
 K - a potion of ambrosia
 M - 3 potions of heal wounds
 O - 2 potions of mutation


   Skills:
 + Level 12.4 Fighting
 + Level 15.4 Long Blades
 + Level 15.1 Armour
 + Level 5.1 Dodging
 + Level 2.2 Stealth
 + Level 10.0 Shields
 + Level 0.3 Unarmed Combat
 + Level 2.5 Invocations
 + Level 1.6 Evocations


You had 12 spell levels left.
You didn't know any spells.
Your spell library contained the following spells:

 Spells                   Type           Power      Damage    Failure   Level
 Freeze                   Ice            0%         1d3       99%         1
 Magic Dart               Conj           0%         1d3       99%         1
 Shock                    Conj/Air       0%         1d3       99%         1
 Blink                    Tloc           0%         N/A       100%        2
 Ensorcelled Hibernation  Hex/Ice        0%         N/A       100%        2
 Lesser Beckoning         Tloc           0%         N/A       100%        2
 Momentum Strike          Conj/Tloc      0%         3d8       100%        2
 Passwall                 Tmut/Erth      0%         N/A       100%        2
 Scorch                   Fire           0%         2d5       100%        2
 Static Discharge         Conj/Air       0%         2-2/arc   100%        2
 Sublimation of Blood     Necr           0%         N/A       100%        2
 Wereblood                Tmut           0%         N/A       100%        2
 Frozen Ramparts          Ice            0%         1d1       100%        3
 Hailstorm                Conj/Ice       0%         3d3       100%        3
 Mephitic Cloud           Conj/Pois/Air  0%         N/A       100%        3
 Swiftness                Air            0%         N/A       100%        3
 Airstrike                Air            0%         2d(0-16)  100%        4
 Flame Wave               Conj/Fire      0%         2d4       100%        4
 Statue Form              Tmut/Erth      0%         N/A       100%        6
 Death's Door             Necr           0%         N/A       100%        9
 Call Imp                 Summ           Unusable   N/A       N/A         2
 Animate Dead             Necr           Unusable   N/A       N/A         4
 Summon Lightning Spire   Summ/Air       Unusable   N/A       N/A         4
 Summon Cactus Giant      Summ           Unusable   N/A       N/A         6
 Summon Hydra             Summ           Unusable   N/A       N/A         7

Dungeon Overview and Level Annotations

Branches:
Dungeon (12/15)            Temple (1/1) D:7            Lair (3/5) D:9
  Swamp (0/4) Lair:2          Orc (2/2) D:12            Elf (0/3) Orc:2
Gauntlet (visited)
  Snake: Lair:2-3    Spider: Lair:2-3

Altars:
Ashenzari
Cheibriados
Dithmenos
Elyvilon
Fedhas
Gozag
Hepliaklqana
Kikubaaqudgha
Makhleb
Nemelex Xobeh
Okawaru
Qazlal
Ru
Sif Muna
Trog
Uskayaw
Vehumet
Wu Jian
Xom
Yredelemnul
Zin
The Shining One

Shops:
D:12 =   Orc:2 !

Annotations:
D:3 1 runed translucent door, Crazy Yiuf
D:11 Urug
Lair:1 3 runed translucent doors, polpettosauro's ghost, novice HuIE


Innate Abilities, Weirdness & Mutations

You have a pair of horns on your head.
You reflexively headbutt those who attack you in melee.


Message History

You feel like a meek peon again.
You start resting.
An ogre is nearby!
The ogre shouts!
You see here a +0 club.
You hit the ogre. You headbutt the ogre!
The ogre is severely wounded.
You block the ogre's attack.
You slash the ogre!
The ogre is almost dead.
You barely miss the ogre. You headbutt the ogre.
You kill the ogre!
Okawaru accepts your kill.
Your Shields skill increases to level 10!
Things that are here:
a +0 giant club; an ogre corpse
Things that are here:
a +0 short sword; a +0 leather armour
There is a stone staircase leading up here.
You start resting.
HP restored.
You climb upwards.
The ettin hits you with a +0 great mace!!
The ettin hits you with a +0 dire flail!!!
You block the orc warrior's attack. The orc hits you but does no damage.
You block the orc's attack. The ettin hits you but does no damage.
The ettin closely misses you.
There is a stone staircase leading down, spattered with blood here.
The ettin hits you with a +0 great mace!!!
* * * LOW HITPOINT WARNING * * *
You block the ettin's attack. You block the orc warrior's attack.
You block the orc's attack.
You climb downwards.
There is a stone staircase leading up here.
Okay, then.
Okay, then.
Okay, then.
You feel yourself speed up. You block the orc warrior's attack.
The ettin hits you with a +0 great mace!!
You die...

#....................
##...................
#....................
#....................
#......).............
#......))[.......$...
#.......[[..........,
##.C[..............,,
#..o@..............,,
#..)o..............,,
#..................,,
#..........##.#####**
##.........#..#******
#.............#*,,,,,
#............^#*,,,,,
#..<..........#*,,,,,
#.............#**,,,,


You could see an ettin, an orc warrior and an orc.

Vanquished Creatures
  A minotaur (Gauntlet)
  Harold (Lair:1)
  A ghost crab (Gauntlet)
  2 two-headed ogres
  A boulder beetle (D:12)
  Sonja (D:12)
  Amaemon (Lair:1)
  2 skysharks (Lair:2)
  5 skeletal warriors (D:12)
  A bog body (Lair:2)
  Pikel (D:8)
  A deep elf pyromancer (D:12)
  2 cyclopes (D:11)
  Joseph (D:7)
  3 manticores (D:12)
  Maurice (D:11)
  A torpor snail (Gauntlet)
  A gargoyle (D:11)
  2 cane toads
  An orange demon (Lair:1)
  2 komodo dragons
  Psyche (D:11)
  A queen bee (Gauntlet)
  7 trolls
  A polar bear (Lair:2)
  3 hornets
  3 blink frogs (Lair:1)
  5 dream sheep
  18 slime creatures
  A spriggan (Lair:2)
  A shadow (D:10)
  2 wyverns
  8 yaks (Lair:2)
  2 wraiths
  An unseen horror simulacrum (D:9)
  2 basilisks
  2 steam dragons (D:7)
  2 wargs (Orc:2)
  An acid dragon (D:10)
  2 water moccasins
  5 orc warriors
  2 black bears
  A sky beast (D:7)
  18 wolves
  7 ogres
  5 centaurs
  A phantom (D:4)
  2 lemures
  3 kobold brigands
  A gnoll sergeant (D:4)
  4 bullfrogs
  3 scorpions
  9 wights
  5 killer bees (Gauntlet)
  8 howler monkeys
  5 hounds
  2 jellies (D:5)
  10 orc priests
  A sleepcap (D:5)
  A gnoll bouda (D:7)
  7 iguanas
  Ijyb (D:3)
  9 orc wizards
  4 adders
  16 gnolls
  A white imp (D:3)
  A dart slug (D:2)
  28 orcs
  12 ball pythons
  8 bats
  12 endoplasms
  2 giant cockroaches (D:1)
  5 hobgoblins
  2 jackals (D:1)
  22 kobolds
  4 quokkas
  2 frilled lizards
  12 goblins
  2 rats
338 creatures vanquished.

Notes
Turn   | Place    | Note
-------+----------+-------------------------------------------
     0 | D:1      | Peloso the Minotaur Fighter began the quest for the Orb.
     0 | D:1      | Reached XP level 1. HP: 19/19 MP: 0/0
   164 | D:1      | Reached XP level 2. HP: 23/27 MP: 1/1
   210 | D:1      | Found a faded altar of an unknown god.
   500 | D:1      | Reached XP level 3. HP: 31/33 MP: 2/2
  1042 | D:2      | Identified the +1 ring mail of the Buccaneer {Harm}
  1390 | D:2      | Reached XP level 4. HP: 35/41 MP: 3/3
  2180 | D:3      | Noticed Ijyb
  2192 | D:3      | Killed Ijyb
  2193 | D:3      | Reached XP level 5. HP: 47/47 MP: 4/4
  2576 | D:3      | Found a runed translucent door.
  2577 | D:3      | Noticed Crazy Yiuf
  2716 | D:3      | Found an ornate altar of the Wu Jian Council.
  2927 | D:4      | Noticed an ogre
  2941 | D:4      | Noticed a phantom
  2942 | D:4      | Killed an ogre
  2943 | D:4      | Reached skill level 5 in Armour
  2956 | D:4      | Killed a phantom
  2957 | D:4      | Reached XP level 6. HP: 41/55 MP: 5/5
  3141 | D:4      | Reached skill level 5 in Long Blades
  3141 | D:4      | Reached skill level 1 in Dodging
  3367 | D:4      | Reached skill level 1 in Stealth
  3852 | D:4      | Got Wesoit's Enchiridion on the Undead and Topomancy
  4077 | D:5      | Entered Level 5 of the Dungeon
  4078 | D:5      | Noticed a two-headed ogre
  4087 | D:5      | Killed a two-headed ogre
  4088 | D:5      | Reached skill level 5 in Fighting
  4088 | D:5      | Reached skill level 5 in Shields
  4088 | D:5      | Reached XP level 7. HP: 61/61 MP: 6/6
  4088 | D:5      | Reached XP level 8. HP: 69/69 MP: 7/7
  4984 | D:6      | Identified the +2 leather armour "Capoh" {Slay+5 Stlth+}
  5094 | D:6      | Found a blossoming altar of Fedhas.
  5448 | D:7      | Noticed Joseph
  5466 | D:7      | Killed Joseph
  5467 | D:7      | Reached skill level 1 in Evocations
  5467 | D:7      | Reached XP level 9. HP: 42/79 MP: 8/8
  6455 | D:7      | Found a staircase to the Ecumenical Temple.
  6472 | Temple   | Entered the Ecumenical Temple
  6945 | D:8      | Reached skill level 10 in Long Blades
  7455 | D:8      | Reached XP level 10. HP: 69/88 MP: 9/9
  7720 | D:8      | Noticed Pikel
  7736 | D:8      | Killed Pikel
  7737 | D:8      | Reached skill level 10 in Armour
  8487 | D:9      | Found a staircase to the Lair.
  9324 | D:10     | Entered Level 10 of the Dungeon
  9378 | D:10     | Found a glowing silver altar of Zin.
  9382 | D:10     | Found a broken altar of Ashenzari.
  9384 | D:10     | Found a white marble altar of Elyvilon.
  9386 | D:10     | Found a shimmering altar of Xom.
  9386 | D:10     | Found a stormy altar of Qazlal.
  9386 | D:10     | Found an iron altar of Okawaru.
  9389 | D:10     | Found a sparkling altar of Nemelex Xobeh.
  9390 | D:10     | Found a radiant altar of Vehumet.
  9394 | D:10     | Became a worshipper of Warmaster Okawaru
  9572 | D:10     | Noticed a two-headed ogre
  9578 | D:10     | Killed a two-headed ogre
  9578 | D:10     | Reached * piety under Okawaru
 10126 | D:11     | Noticed a cyclops
 10133 | D:11     | Killed a cyclops
 10164 | D:11     | Reached XP level 11. HP: 71/95 MP: 10/10
 10395 | D:11     | Noticed Urug
 10949 | Lair:1   | Entered Level 1 of the Lair of Beasts
 11008 | Lair:1   | Reached ** piety under Okawaru
 11124 | Lair:1   | Noticed Harold
 11138 | Lair:1   | Killed Harold
 11265 | Lair:1   | Found a runed translucent gate.
 11265 | Lair:1   | Found a runed translucent gate.
 11265 | Lair:1   | Found a runed translucent gate.
 11460 | Lair:1   | Noticed Amaemon
 11809 | Lair:1   | Killed Amaemon
 12348 | Lair:1   | Noticed polpettosauro's ghost (novice HuIE)
 12674 | Lair:2   | Found a staircase to the Swamp.
 12674 | Lair:2   | Noticed a bog body
 12692 | Lair:2   | Killed a bog body
 12870 | Lair:2   | Reached skill level 10 in Fighting
 12956 | Lair:2   | Reached *** piety under Okawaru
 13231 | Lair:2   | Noticed a skyshark
 13241 | Lair:2   | Killed a skyshark
 13454 | Lair:2   | Noticed a skyshark
 13470 | Lair:2   | Killed a skyshark
 13812 | Lair:2   | Reached XP level 12. HP: 91/107 MP: 11/11
 13959 | Lair:2   | Reached **** piety under Okawaru
 14479 | Lair:3   | Noticed a five-headed hydra
 14698 | D:11     | Noticed Psyche
 14704 | D:11     | Noticed Maurice
 14708 | D:11     | Killed Psyche
 14717 | D:11     | Killed Maurice
 14958 | D:12     | Found a stormy altar of Qazlal.
 15545 | D:12     | Reached skill level 1 in Invocations
 15812 | D:12     | Found a staircase to the Orcish Mines.
 15814 | D:12     | Noticed Sonja
 15821 | D:12     | Killed Sonja
 15871 | D:12     | Identified 3 scrolls of acquirement
 15974 | D:12     | Reached skill level 15 in Long Blades
 16123 | D:12     | Noticed a boulder beetle
 16126 | D:12     | Found Kuliych's Jewellery Boutique.
 16148 | D:12     | Killed a boulder beetle
 16220 | D:12     | Reached skill level 5 in Dodging
 16872 | D:12     | Reached XP level 13. HP: 99/117 MP: 13/13
 17142 | Orc:1    | Entered Level 1 of the Orcish Mines
 17143 | Orc:1    | You fall into a shaft and drop 1 floor!
 17143 | Orc:2    | Entered Level 2 of the Orcish Mines
 17238 | Orc:2    | Found a gate leading to a gauntlet.
 17241 | Orc:2    | Found Japnaroso's Distillery.
 17247 | Gauntlet | Entered a Gauntlet
 17247 | Gauntlet | Found a transporter.
 17247 | Gauntlet | Found a transporter.
 17409 | Gauntlet | Found a transporter.
 17409 | Gauntlet | Found a transporter.
 17413 | Gauntlet | Found a transporter.
 17413 | Gauntlet | Found a transporter.
 17454 | Gauntlet | Found a transporter.
 17458 | Gauntlet | Found a transporter.
 17469 | Gauntlet | Found a transporter.
 17482 | Gauntlet | Found a transporter.
 17484 | Gauntlet | Noticed a quicksilver ooze
 17486 | Gauntlet | Found a transporter.
 17506 | Gauntlet | Found a transporter.
 17557 | Gauntlet | Acquired 1027 gold pieces
 17569 | Gauntlet | Acquired the -2 hat of the Alchemist {rElec rPois rF+ rC+
                  | rN+ Will+ rMut rCorr}
 17569 | Gauntlet | Found the -2 hat of the Alchemist {rElec rPois rF+ rC+ rN+
                  | Will+ rMut rCorr}
 17835 | Gauntlet | Reached skill level 15 in Armour
 18076 | Gauntlet | Identified the +4 great mace "Getaus" {pain, Int+3}
 18076 | Gauntlet | Noticed a minotaur
 18090 | Gauntlet | Killed a minotaur
 18466 | Orc:1    | Noticed an ettin
 18578 | Orc:2    | Reached skill level 10 in Shields
 18644 | Orc:2    | Slain by an ettin

Illustrated notes

Levels and vault maps discovered:
D:1:      scummos_arrival_star, layout_loops_cross,
          ebering_ecumenical_altar_webs
D:2:      layout_basic, minivault_27
D:3:      layout_loops_ring, pdpol_wu_jian_five_deadly_venoms, uniq_ijyb,
          uniq_crazy_yiuf_cottage
D:4:      layout_basic, minmay_statues_item, minmay_manual_macuahuitl
D:5:      layout_cave_pools
D:6:      layout_rooms, mainiacjoe_overflow_alcove_1
D:7:      layout_cave_pods, minmay_temple_entry_antechambers, uniq_joseph
D:8:      layout_rooms, uniq_pikel
D:9:      minmay_distorted_concentric_squares, layout_long_grid,
          david_lair_shrubbed
D:10:     layout_irregular_city, minitemple
D:11:     layout_big_octagon, uniq_maurice, uniq_psyche, uniq_urug
D:12:     layout_small_grid, orc_0_dummy, serial_shops,
          nicolae_shop_gaudy_bauble, grunt_qazlal_clouds, uniq_sonja
Temple:   chequers_temple_sunken
Lair:1:   layout_small_grid, gammafunk_ghost_necromancy, grunt_megastairs_3,
          uniq_harold, uniq_amaemon
Lair:2:   layout_hall_layers, skrybe_swamp_entry_bodies, forest_entry_grove
Lair:3:   layout_gridlike, minmay_snake_entry_guardpost_small,
          gammafunk_ghost_grave
Orc:1:    layout_diamond_mine
Orc:2:    st_orc_congregation, layout_caves, gauntlet_entry_generic,
          serial_shops, nicolae_square_shop

Skill      XL: |  1  2  3  4  5  6  7  8  9 10 11 12 13 |
---------------+----------------------------------------+-----
Fighting       | 4 5 7 8 10 11 12 | 12.4
Shields        | 4 5 6 7 8 9 10 | 10.0
Armour         | 4 5 7 8 9 11 13 14 15 | 15.1
Long Blades    | 3 4 6 8 10 12 13 15 | 15.4
Dodging        | 2 3 4 5 |  5.1
Stealth        | 1 2 |  2.2
Evocations     | 1 |  1.6
Invocations    | 2 |  2.5
Unarmed Combat | |  0.3

Action                     |  1- 3 |  4- 6 |  7- 9 | 10-12 | 13-15 || total
---------------------------+-------+-------+-------+-------+-------++-------
  Melee: Long sword        |    98 |   104 |   197 |   615 |   132 ||  1146
         Headbutt          |     9 |    21 |    40 |   162 |    38 ||   270
         Unarmed           |       |     3 |       |       |       ||     3
 Invoke: Heroism           |       |       |       |    16 |     6 ||    22
  Evoke: Wand              |       |     2 |     4 |     9 |       ||    15
    Use: Potion            |     7 |     1 |     2 |     1 |     2 ||    13
         Scroll            |       |     3 |     7 |    12 |     5 ||    27
   Stab: Confused          |       |     1 |       |       |       ||     1
         Paralysed         |       |       |       |     1 |       ||     1
 Armour: Scale mail        |    60 |    27 |    26 |       |       ||   113
         Skin              |       |     1 |       |       |       ||     1
         Chain mail        |       |       |    36 |    24 |       ||    60
         Plate armour      |       |       |       |   304 |    61 ||   365
  Dodge: Dodged            |    60 |    43 |    87 |   236 |    58 ||   484
  Block: Buckler           |    39 |    32 |    49 |   210 |    47 ||   377
